 Dungeon Crawl Stone Soup version 0.25.1-1-g288607f5aa (webtiles) character file.

Game seed: 2243448385740798738

18580 protoss039 the Covert (level 12, 0/51 HPs)
             Began as a Spriggan Enchanter on July 21, 2020.
             Was a High Priest of Dithmenos.
             Killed by divine providence
             ... invoked by an orc priest
              (12 damage)
             ... on level 12 of the Dungeon.
             The game lasted 01:16:45 (17654 turns).

protoss039 the Covert (Spriggan Enchanter)         Turns: 17654, Time: 01:16:46

Health: 0/51       AC:  6    Str:  4    XL:     12   Next: 29%
Magic:  6/12       EV: 37    Int: 25    God:    Dithmenos [*****.]
Gold:   563        SH:  0    Dex: 19    Spells: 15/31 levels left

rFire    . . .     SeeInvis +   E - +10 rapier "Duzeden" {antimagic, MR+ MP+9}
rCold    + . .     Gourm    .   (shield restricted)
rNeg     . . .     Faith    .   P - +0 steam dragon scales
rPois    .         Spirit   .   (helmet restricted)
rElec    .         Reflect  .   q - +0 cloak
rCorr    .         Harm     .   (gloves unavailable)
MR       +++..                  (boots unavailable)
Stlth    +++++++++.             C - amulet of the acrobat
HPRegen  0.17/turn              b - +6 ring of intelligence
MPRegen  0.13/turn              R - ring of protection from cold (curse)

@: acrobat, wreathed by umbra, very quick
A: very small, unfitting armour, see invisible, herbivore, speed 3, slow
metabolism 2
a: Shadow Step, Shadow Form, Renounce Religion


You were on level 12 of the Dungeon.
You worshipped Dithmenos.
Dithmenos was extremely pleased with you.
You were very hungry.

You visited 2 branches of the dungeon, and saw 13 of its levels.

You collected 607 gold pieces.
You spent 44 gold pieces at shops.

Inventory:

Hand Weapons
 s - a +2 dagger of electrocution
 E - the +10 rapier "Duzeden" (weapon) {antimagic, MR+ MP+9}
   (You found it on level 6 of the Dungeon)

   It reduces the magical energy of the wielder, and disrupts the spells and
   magical abilities of those hit.
   Natural abilities and divine invocations are not affected.
   It affects your resistance to hostile enchantments.
   It affects your magic capacity (+9).
 Q - a +2 dagger of flaming
Missiles
 t - 4 poisoned darts (quivered)
 J - 6 atropa-tipped darts
Armour
 q - a +0 cloak (worn)
 P - +0 steam dragon scales (worn)
Jewellery
 b - a +6 ring of intelligence (left hand)
 C - an amulet of the acrobat (around neck)
 R - a cursed ring of protection from cold (right hand)
Wands
 a - a wand of disintegration (19)
 y - a wand of acid (21)
 B - a wand of enslavement (17)
 H - a wand of flame (13)
 K - a wand of polymorph (8)
 L - a wand of iceblast (20)
 M - a wand of clouds (11)
Scrolls
 e - 7 scrolls of remove curse
 f - 2 scrolls of enchant weapon
 g - 4 scrolls of teleportation {unknown}
 h - 7 scrolls of blinking {unknown}
 n - 2 scrolls of fog
 o - 3 scrolls of magic mapping
 v - 4 scrolls of fear {unknown}
 w - 5 scrolls of amnesia
 I - a scroll of acquirement
 N - 3 scrolls of enchant armour {unknown}
Potions
 c - 2 potions of berserk rage {unknown}
 i - 2 potions of magic {unknown}
 j - 5 potions of brilliance {unknown}
 k - 9 potions of curing
 l - 2 potions of stabbing {unknown}
 m - 2 potions of mutation {unknown}
 p - 3 potions of ambrosia {unknown}
 r - 4 potions of heal wounds {unknown}
 u - 3 potions of might
 x - 2 potions of invisibility {unknown}
 z - a potion of degeneration {unknown}
 A - 2 potions of flight {unknown}
 D - 2 potions of lignification {unknown}
 F - 2 potions of haste {unknown}
 G - a potion of resistance {unknown}
Comestibles
 d - 15 rations


   Skills:
 * Level 12.3 Short Blades
 - Level 6.0 Dodging
 + Level 14.7 Stealth
 - Level 10.0 Spellcasting
 + Level 9.2 Hexes
 + Level 3.5 Ice Magic
 * Level 7.0 Invocations


You had 15 spell levels left.
You knew the following spells:

 Your Spells              Type           Power        Failure   Level  Hunger
a - Corona                Hex            ######.      1%          1    None
b - Ensorcelled Hibernat  Hex/Ice        #####.       1%          2    None
c - Confusing Touch       Hex            ######..     1%          3    None
d - Tukima's Dance        Hex            ######..     1%          3    None
e - Dazzling Flash        Conj/Hex       #####.       2%          3    None
f - Apportation           Tloc           ##....       4%          1    None
g - Lesser Beckoning      Tloc           ##........   14%         3    None

Your spell library contained the following spells:

 Spells                   Type           Power        Failure   Level  Hunger
 Spectral Weapon          Hex/Chrm       #####...     2%          3    None
 Summon Guardian Golem    Hex/Summ       #####...     2%          3    None
 Beastly Appendage        Tmut           ##....       4%          1    None
 Summon Butterflies       Summ           ##......     4%          1    None
 Summon Small Mammal      Summ           ##..         4%          1    None
 Call Imp                 Summ           ##......     8%          2    None
 Sticks to Snakes         Tmut           ##......     8%          2    None
 Call Canine Familiar     Summ           ##......     14%         3    None
 Spider Form              Tmut/Pois      ##........   14%         3    None
 Invisibility             Hex            ######..     17%         6    #####..
 Ice Form                 Ice/Tmut       ###.....     24%         4    None
 Summon Ice Beast         Ice/Summ       ###.....     24%         4    None
 Summon Lightning Spire   Summ/Air       ##......     43%         4    None
 Alistair's Intoxication  Tmut/Pois      ##......     80%         5    ####...
 Blade Hands              Tmut           ##........   80%         5    ####...
 Bolt of Magma            Conj/Fire/Erth ##........   80%         5    ####...
 Freezing Cloud           Conj/Ice/Air   ###.......   99%         6    #####..


Dungeon Overview and Level Annotations

Branches:
Dungeon (12/15)            Temple (1/1) D:7            Lair (0/6) D:8
    Orc (0/2) D:12

Altars:
Ashenzari
Cheibriados
Dithmenos
Elyvilon
Fedhas
Gozag
Hepliaklqana
Kikubaaqudgha
Makhleb
Nemelex Xobeh
Okawaru
Qazlal
Ru
Sif Muna
Trog
Uskayaw
Vehumet
Wu Jian
Xom
Yredelemnul
Zin
The Shining One
Beogh

Shops:
D:4 ?   D:6 ?   D:8 (

Portals:
Trove: D:11 (give +4 fire dragon scales)


Innate Abilities, Weirdness & Mutations

You are very small and have problems with some larger weapons.
You are too small for most types of armour.
You have supernaturally acute eyesight. (SInv)
You are a herbivore.
You cover ground extremely quickly.
You need to consume almost no food.


Message History

The orc priest calls down the wrath of Beogh upon you.
Beogh smites you! The orc priest misses you. The orc barely misses you.
Unknown command.
Unknown command.
Casting: Corona (safe; 1% risk of failure)
Confirm with . or Enter, or press ? or * to list all spells.
The orc is dazzled. x3; The orc priest is dazzled.
The orc is dazzled. x3
The orc priest completely misses you.
An orc comes into view.
It is wielding a +0 war axe of flaming and wearing a +3 chain mail of poison resistance.
Unknown command.
Unknown command.
Unknown command.
Unknown command.
An orc warrior comes into view. It is wielding a +0 scimitar.
The orc priest calls down the wrath of Beogh upon the orc priest.
Beogh smites you!
* * * LOW HITPOINT WARNING * * *
The orc priest invokes the aid of Beogh against you.
Beogh smites you!
You die...

# #...##...†# #...# #
##...#....# ##### #
#...#....# ###
######...#....# #.#######
..#...........# #.#o....#
....)..###....# ##o8oo...#
.......# #....# #..oo.o..#
.......##########o)8oo⌠..#
..#.............@..#ooo./#
#.#.............##o#o....#
................##.# ._.>#
#)##...............# ....#
#.##.>.............# ...#
#.#########.......o8o ⌠..#
.(................o'o
...................8
.<................


You could see 2 orc priests and 9 orcs.

Vanquished Creatures
  Snorg (D:12)
  A two-headed ogre (D:10)
  An unseen horror (D:10)
  A deep elf mage (D:12)
  A cyclops (D:11)
  2 ugly things
  A gargoyle (D:9)
  Maggie (D:6)
  Prince Ribbit (D:7)
  4 trolls
  10 slime creatures (D:12)
  A hippogriff (D:11)
  Sigmund (D:3)
  13 yaks
  A wyvern (D:10)
  A human (D:7)
  Eustachio (D:6)
  3 hogs (D:7)
  2 hungry ghosts
  Duvessa (D:4)
  2 water moccasins (D:10)
  5 orc warriors
  4 porcupines (D:8)
  5 ice beasts
  3 sky beasts
  A black bear (D:8)
  A necrophage (D:9)
  4 phantoms
  8 ogres
  8 centaurs
  3 crocodiles
  6 bullfrogs
  A wyvern zombie (D:6)
  A water moccasin zombie (D:9)
  9 scorpions
  Dowan (D:5)
  A water moccasin skeleton (D:7)
  6 killer bees (D:9)
  4 wights (D:6)
  An electric eel (D:6)
  2 centaur zombies
  5 howler monkeys
  5 crimson imps
  3 jellies
  A bullfrog zombie (D:6)
  7 hounds
  10 orc priests
  13 orc wizards
  2 centaur skeletons
  5 bullfrog skeletons
  Terence (D:2)
  Jessica (D:3)
  3 iguanas
  Ijyb (D:3)
  8 worker ants
  A killer bee zombie (D:3)
  A hound zombie (D:9)
  A worker ant zombie (D:9)
  A howler monkey zombie (D:8)
  4 gnolls (D:4)
  A howler monkey skeleton (D:7)
  15 adders
  2 shadow imps
  An ooze (D:1)
  2 adder skeletons (D:6)
  2 worms
  3 dart slugs
  12 leopard geckos
  39 orcs
  3 ball pythons
  6 goblins
  6 hobgoblins
  14 jackals
  3 kobolds (D:1)
  5 quokkas
  7 bats
  5 frilled lizards
  9 rats
332 creatures vanquished.

Vanquished Creatures (collateral kills)
  A two-headed ogre (D:11)
1 creature vanquished.

Vanquished Creatures (others)
  3 dancing weapons
  16 fungi (D:8)
  A plant (D:8)
20 creatures vanquished.

Grand Total: 353 creatures vanquished

Notes
Turn   | Place    | Note
-------+----------+-------------------------------------------
     0 | D:1      | protoss039 the Spriggan Enchanter began the quest for the
                  | Orb.
     0 | D:1      | Reached XP level 1. HP: 9/9 MP: 5/5
   102 | D:1      | Reached XP level 2. HP: 13/13 MP: 5/7
   319 | D:1      | Reached skill level 5 in Stealth
   599 | D:1      | Learned a level 2 spell: Ensorcelled Hibernation
  1138 | D:2      | Reached XP level 3. HP: 16/16 MP: 2/8
  1287 | D:2      | Found a shimmering altar of Xom.
  1483 | D:2      | Found a burning altar of Makhleb.
  1572 | D:2      | Noticed Terence
  1997 | D:2      | Reached skill level 6 in Stealth
  1997 | D:2      | Reached XP level 4. HP: 21/21 MP: 5/10
  2252 | D:2      | Killed Terence
  2315 | D:3      | Learned a level 3 spell: Confusing Touch
  2386 | D:3      | Reached XP level 5. HP: 24/24 MP: 2/11
  2428 | D:3      | Noticed Sigmund
  2470 | D:3      | Killed Sigmund
  2470 | D:3      | Reached skill level 5 in Hexes
  2470 | D:3      | Reached skill level 1 in Ice Magic
  2470 | D:3      | Reached XP level 6. HP: 28/28 MP: 9/13
  2688 | D:3      | Noticed Ijyb
  2692 | D:3      | Killed Ijyb
  2692 | D:3      | Reached skill level 7 in Stealth
  2824 | D:3      | Found a faded altar of an unknown god.
  3439 | D:3      | Noticed Jessica
  3446 | D:3      | Killed Jessica
  3540 | D:4      | Found a radiant altar of Vehumet.
  3589 | D:4      | Found Naemp's Magic Scroll Boutique.
  3622 | D:4      | Bought a scroll of identify for 20 gold pieces
  4036 | D:4      | Reached skill level 5 in Spellcasting
  4036 | D:4      | Reached XP level 7. HP: 24/32 MP: 13/15
  4118 | D:4      | Found a snail-covered altar of Cheibriados.
  4190 | D:4      | Found a bloodstained altar of Trog.
  4537 | D:4      | Reached skill level 8 in Stealth
  4828 | D:4      | Found a sacrificial altar of Ru.
  5188 | D:4      | Learned a level 3 spell: Tukima's Dance
  5192 | D:4      | Learned a level 3 spell: Dazzling Flash
  5193 | D:5      | Entered Level 5 of the Dungeon
  5330 | D:5      | Found an opulent altar of Gozag.
  5606 | D:5      | Reached skill level 5 in Dodging
  5683 | D:5      | Noticed Duvessa
  5684 | D:5      | Noticed Dowan
  5714 | D:5      | Killed Dowan
  5714 | D:5      | Reached skill level 9 in Stealth
  5714 | D:5      | Reached XP level 8. HP: 20/36 MP: 8/17
  5911 | D:4      | Killed Duvessa
  6267 | D:6      | Reached skill level 10 in Stealth
  6276 | D:6      | Found Ipniuneox's Magic Scroll Shoppe.
  6282 | D:6      | Bought a scroll of identify for 24 gold pieces
  6322 | D:6      | Got a translucent rapier
  6323 | D:6      | Identified the +10 rapier "Duzeden" {antimagic, MR+ MP+9}
                  | (You found it on level 6 of the Dungeon)
  7025 | D:6      | Noticed Eustachio
  7220 | D:6      | Reached skill level 11 in Stealth
  7273 | D:6      | Reached skill level 5 in Short Blades
  7405 | D:6      | Noticed Maggie
  7410 | D:6      | Found a shadowy altar of Dithmenos.
  7412 | D:6      | Killed Maggie
  7420 | D:6      | Became a worshipper of Dithmenos the Shadowed
  7597 | D:6      | Reached skill level 12 in Stealth
  7597 | D:6      | Reached XP level 9. HP: 39/39 MP: 9/19
  7812 | D:6      | Killed Eustachio
  8213 | D:6      | Reached skill level 1 in Invocations
  8713 | D:6      | Reached * piety under Dithmenos
  8958 | D:7      | Found a staircase to the Ecumenical Temple.
  8979 | Temple   | Entered the Ecumenical Temple
  9440 | D:7      | Noticed Prince Ribbit
 10035 | D:7      | Killed Prince Ribbit
 10049 | D:7      | Found a hide-covered altar of Uskayaw.
 10130 | D:7      | Reached XP level 10. HP: 32/44 MP: 10/21
 10515 | D:7      | Reached skill level 13 in Stealth
 10593 | D:7      | Reached ** piety under Dithmenos
 10816 | D:8      | Found a shattered altar of Ashenzari.
 11212 | D:8      | Found an ornate altar of the Wu Jian Council.
 11483 | D:8      | Found a staircase to the Lair.
 11836 | D:8      | Learned a level 1 spell: Apportation
 11840 | D:8      | Learned a level 3 spell: Lesser Beckoning
 11985 | D:8      | Found Jieneun's Antique Weapon Emporium.
 12070 | D:8      | Found a basalt altar of Yredelemnul.
 12189 | D:7      | HP: 2/44 [orc priest/divine providence (14)]
 12848 | D:9      | Reached *** piety under Dithmenos
 12926 | D:9      | Reached skill level 14 in Stealth
 13185 | D:9      | Reached skill level 5 in Invocations
 13461 | D:9      | Reached XP level 11. HP: 47/47 MP: 11/24
 13752 | D:9      | Reached skill level 10 in Short Blades
 14010 | D:10     | Entered Level 10 of the Dungeon
 14034 | D:10     | Noticed an unseen horror
 14048 | D:10     | Killed an unseen horror
 14099 | D:10     | Noticed a two-headed ogre
 14351 | D:10     | Killed a two-headed ogre
 14351 | D:10     | Reached **** piety under Dithmenos
 14665 | D:10     | Noticed a cyan ugly thing
 14868 | D:10     | Killed a cyan ugly thing
 15622 | D:11     | Found a portal to a secret trove of treasure.
 15760 | D:11     | Noticed a white ugly thing
 15903 | D:11     | Noticed a two-headed ogre
 15914 | D:11     | Killed a two-headed ogre
 16027 | D:11     | Killed a white ugly thing
 16287 | D:12     | Noticed a deep elf mage
 16293 | D:12     | Killed a deep elf mage
 16293 | D:12     | Reached XP level 12. HP: 51/51 MP: 11/26
 16609 | D:12     | Noticed Snorg
 16612 | D:12     | Killed Snorg
 16612 | D:12     | Reached ***** piety under Dithmenos
 17391 | D:12     | Identified 2 scrolls of acquirement
 17392 | D:12     | Acquired protoss039's Compendium of Arcane Weapons and the
                  | Oath
 17636 | D:12     | Found a staircase to the Orcish Mines.
 17637 | D:12     | Found a roughly hewn altar of Beogh.
 17644 | D:12     | Reached skill level 10 in Spellcasting
 17654 | D:12     | Killed from afar by an orc priest

Illustrated notes

Levels and vault maps discovered:
D:1:      onia_arrival_handbag, layout_loops_corners, serial_park_tiny_1,
          serial_bayou_crossing
D:2:      layout_loops_cross, xom_teletrap_fun, lemuel_coloured_pillars_altar,
          uniq_terence
D:3:      layout_basic, serial_forest, infiniplex_forest_lined_room_,
          infiniplex_forest_corner_1, infiniplex_forest_straight_1,
          infiniplex_forest_end_1, infiniplex_forest_zigzag_1,
          infiniplex_forest_straight_5, infiniplex_forest_lined_2,
          chequers_ecumenical_altar_simple, uniq_sigmund, uniq_jessica,
          uniq_ijyb
D:4:      layout_cave_pods, kennysheep_slug_shrine, lemuel_crystal_altar,
          nicolae_ru_sacrificial_ziggurat, vehumet_crystals, serial_shops,
          nicolae_shop_window_shopping
D:5:      layout_basic, nicolae_gozag_seed_capital, first_ration, uniq_duvessa
D:6:      kennysheep_windowed_halls, layout_cave_pods, old_standard_altar,
          serial_shops, shop, kennysheep_generic_room_4, uniq_maggie,
          uniq_eustachio
D:7:      layout_loops_ring, eat_drink_and_be_merry_uskayaw,
          minmay_temple_entry_statues, grunt_livestock, uniq_prince_ribbit1
D:8:      layout_loops_cross, lemuel_round_altar, ashenzari_conservatory_becter,
          lemuel_round_altar, due_lair_maze_entry_diamond, serial_shops,
          nicolae_shop_waterfront
D:9:      layout_long_grid, hangedman_decor_diamond_cutter
D:10:     cheibrodos_barr_body, layout_cave_pools
D:11:     layout_cave_pools, nicolae_trove_entry_crystal
D:12:     layout_basic, david_orc_5, serial_curves, eino_curves_02,
          eino_curves_03, minmay_guarded_unrand_variability, uniq_snorg
Temple:   jpeg_temple_alley_garden

Skill      XL: |  1  2  3  4  5  6  7  8  9 10 11 12 |
---------------+-------------------------------------+-----
Spellcasting   | 3 4 5 6 7 8 9 10 | 10.0
Stealth        | 5 6 7 9 12 14 | 14.7
Hexes          | 4 5 6 7 8 9 |  9.2
Ice Magic      | 1 2 3 |  3.5
Short Blades   | 2 3 5 7 9 11 12 | 12.3
Dodging        | 5 6 |  6.0
Invocations    | 3 5 6 7 |  7.0

Action                   |  1- 3 |  4- 6 |  7- 9 | 10-12 || total
-------------------------+-------+-------+-------+-------++-------
Melee: Dagger            |    82 |    74 |    62 |       ||   218
       Rapier            |       |       |   187 |   481 ||   668
 Cast: Corona            |    16 |    13 |    34 |    39 ||   102
       Ensorcelled Hiber |    15 |    34 |    71 |    69 ||   189
       Confusing Touch   |       |       |    18 |    21 ||    39
       Tukima's Dance    |       |       |     5 |     4 ||     9
       Dazzling Flash    |       |       |     1 |     7 ||     8
  Use: Potion            |     2 |       |       |       ||     2
       Scroll            |       |     4 |     2 |     4 ||    10
 Stab: Sleeping          |    19 |    31 |    54 |    78 ||   182
       Confused          |       |       |    11 |    20 ||    31
       Distracted        |       |       |     2 |     3 ||     5
       Invisible         |       |       |       |     5 ||     5
  Eat: Ration            |       |     1 |     3 |     5 ||     9
Armor: Robe              |     8 |     4 |    10 |     1 ||    23
       Steam dragon scal |       |       |       |    22 ||    22
Dodge: Dodged            |    72 |    39 |   161 |   303 ||   575
